 Dungeon Crawl Stone Soup version 0.29-a0-414-g5075937ec3 (webtiles) character file.

Game seed: 7362681609100863007

62179 Kenran the Unseen (level 14, -11/73 HPs)
             Began as a Spriggan Transmuter on May 15, 2022.
             Was an Initiate of Gozag.
             Mangled by a skeletal warrior
             ... wielding a +0 scimitar
              (33 damage)
             ... on level 12 of the Dungeon.
             The game lasted 00:51:43 (27500 turns).

Kenran the Unseen (Spriggan Transmuter)            Turns: 27500, Time: 00:51:44

Health: -11/73     AC:  6    Str: 19    XL:     14   Next: 63%
Magic:  31/31      EV: 26    Int: 17    God:    Gozag
Gold:   4676       SH: 13    Dex: 24    Spells: 15/23 levels left

rFire   + + .      SeeInvis +   a - +11 hunting sling of Wounding {venom, rN+ MP+9 Str+5 Stlth+}
rCold   + . .      Faith    .   O - +0 buckler
rNeg    + + .      Spirit   .   G - +1 robe {rC+ rF+}
rPois   +          Reflect  +   (helmet restricted)
rElec   .          Harm     .   l - +2 cloak {rPois}
rCorr   .          Rampage  .   (gloves unavailable)
Will    ++...                   (boots unavailable)
Stlth   +++++++...              H - amulet of reflection
HPRegen 0.22/turn               V - ring "Itim" {Contam rPois rN+ Str+8 Dex+6}
MPRegen 0.22/turn               I - ring of protection from fire

@: gold aura, very quick
A: very small, no large weapons, unfitting armour, see invisible, speed 3
a: Renounce Religion, Potion Petition, Call Merchant, Bribe Branch


You were on level 12 of the Dungeon.
You worshipped Gozag.
Gozag was most pleased with you.
You visited 3 branches of the dungeon, and saw 19 of its levels.

You collected 5733 gold pieces.
You spent 376 gold pieces at shops.
You paid 681 gold pieces to Gozag.

Inventory:

Hand Weapons
 a - the +11 hunting sling of Wounding (weapon) {venom, rN+ MP+9 Str+5 Stlth+}
   (You found it on level 5 of the Dungeon)

   Any ammunition fired from it poisons the flesh of those it strikes.
   Str:       It affects your strength (+5).
   rN:        It protects you from negative energy.
   MP:        It affects your magic capacity (+9).
   Stlth:     It makes you more stealthy.
Missiles
 k - 24 poisoned darts
 u - 3 throwing nets
 x - 10 atropa-tipped darts
 A - 3 datura-tipped darts
 D - a curare-tipped dart
Armour
 l - a +2 cloak of poison resistance (worn)
 G - a +1 robe of resistance (worn)
 M - a +2 robe of the Archmagi
 O - a +0 buckler (worn)
Jewellery
 H - an amulet of reflection (around neck)
 I - a ring of protection from fire (right hand)
 V - the ring "Itim" (left hand) {Contam rPois rN+ Str+8 Dex+6}
   (You found it on level 3 of the Lair of Beasts)

   [ring of dexterity]

   Str:       It affects your strength (+8).
   Dex:       It affects your dexterity (+6).
   rPois:     It protects you from poison.
   rN:        It protects you from negative energy.
   Contam:    It causes magical contamination when unequipped.
 W - a ring of willpower
Wands
 i - a wand of paralysis (10)
 z - a wand of iceblast (31)
 B - a wand of acid (20)
 C - a wand of flame (27)
 E - a wand of mindburst (10)
 Q - a wand of charming (7)
 S - a wand of polymorph (2)
Scrolls
 c - a scroll of fear
 d - 2 scrolls of summoning
 e - 4 scrolls of immolation {!r}
 h - a scroll of silence
 m - 8 scrolls of teleportation
 o - 3 scrolls of poison {!r}
 r - 4 scrolls of amnesia
 v - 4 scrolls of magic mapping
 w - 3 scrolls of fog
 y - 4 scrolls of vulnerability {!r}
 N - a scroll of torment {!r}
 U - a scroll of blinking
 X - a scroll of enchant armour
Potions
 b - 6 potions of lignification {!q}
 f - 4 potions of heal wounds {@q2}
 g - 4 potions of attraction {!q}
 j - a potion of cancellation
 n - a potion of haste {unknown}
 p - 2 potions of might
 q - a potion of curing {@q1}
 s - 4 potions of resistance
 t - a potion of flight {unknown}
 F - 3 potions of berserk rage {!q}
 J - a potion of brilliance
 K - a potion of mutation {unknown}


   Skills:
 + Level 8.3 Fighting
 - Level 14.0 Slings
 + Level 10.4 Dodging
 - Level 15.0 Stealth
 - Level 5.0 Shields
 - Level 13.0 Unarmed Combat
 - Level 5.0 Spellcasting
 + Level 7.6 Transmutations


You had 15 spell levels left.
You knew the following spells:

 Your Spells              Type           Power      Damage    Failure   Level
a - Beastly Appendage     Tmut           60%        N/A       1%          1
b - Spider Form           Tmut/Pois      17%        N/A       17%         3
c - Ice Form              Ice/Tmut       17%        N/A       50%         4

Your spell library contained the following spells:

 Spells                   Type           Power      Damage    Failure   Level
 Wereblood                Tmut           30%        N/A       1%          2
 Apportation              Tloc           8%         N/A       26%         1
 Foxfire                  Conj/Fire      16%        2x1d4     26%         1
 Freeze                   Ice            16%        1d4       26%         1
 Static Discharge         Conj/Air       4%         N/A       38%         2
 Confusing Touch          Hex            4%         N/A       63%         3
 Conjure Flame            Conj/Fire      4%         6-21      63%         3
 Frozen Ramparts          Ice            8%         1d2       63%         3
 Inner Flame              Hex/Fire       4%         N/A       63%         3
 Summon Guardian Golem    Hex/Summ       4%         N/A       63%         3
 Tukima's Dance           Hex            4%         N/A       63%         3
 Alistair's Intoxication  Tmut/Pois      11%        N/A       85%         5
 Yara's Violent Unravell  Hex/Tmut       8%         3d5       85%         5
 Anguish                  Hex/Necr       2%         N/A       95%         4
 Flame Wave               Conj/Fire      4%         2d5       95%         4
 Hailstorm                Conj/Ice       4%         3d4       95%         4
 Lightning Bolt           Conj/Air       2%         1d13      100%        5
 Summon Forest            Summ/Tloc      2%         N/A       100%        5
 Summon Mana Viper        Hex/Summ       4%         N/A       100%        5
 Summon Cactus Giant      Summ           2%         N/A       100%        6
 Enfeeble                 Hex            2%         N/A       100%        7
 Orb of Destruction       Conj           2%         9d5       100%        7
 Spellforged Servitor     Conj/Summ      2%         N/A       100%        7
 Maxwell's Capacitive Co  Air            2%         ∞         100%        8


Dungeon Overview and Level Annotations

Branches:
Dungeon (12/15)            Temple (1/1) D:4            Lair (6/6) D:11
 Shoals (0/4) Lair:3       Spider (0/4) Lair:2        Slime (0/5) Lair:5
    Orc (0/2) D:11

Altars:
Ashenzari
Cheibriados
Dithmenos
Elyvilon
Fedhas
Gozag
Hepliaklqana
Kikubaaqudgha
Makhleb
Nemelex Xobeh
Okawaru
Qazlal
Ru
Sif Muna
Trog
Uskayaw
Vehumet
Wu Jian
Xom
Yredelemnul
Zin
The Shining One
Jiyva

Shops:
D:1 *   D:5 [   D:10 [

Annotations:
Lair:5 3 runed translucent doors, Gacs's ghost, journeyman FoFi; Vuiwum's ghost, journeyman TeSu


Innate Abilities, Weirdness & Mutations

You are very small and have problems with some larger weapons.
You are too small for most types of armour.
You have supernaturally acute eyesight. (SInv)
You cover ground extremely quickly. (Speed+++)


Message History

The blast of cold misses you.
You shoot a sling bullet. The sling bullet hits the ice dragon!
The ice dragon is severely wounded.
You see here 5 large rocks.
You start resting.
A storm dragon is nearby!
You shoot a sling bullet.
The sling bullet closely misses the storm dragon.
You shoot a sling bullet.
The sling bullet barely misses the storm dragon.
You shoot a sling bullet.
The sling bullet hits the storm dragon but does no damage.
The storm dragon is poisoned.
The storm dragon breathes lightning at you.
The bolt of lightning misses you.
You feel a bit more experienced.
You shoot a sling bullet. The sling bullet hits the storm dragon!
The storm dragon looks even sicker.
The storm dragon is lightly wounded.
A skeletal warrior comes into view.
It is wielding a +0 scimitar and quivering poisoned darts.
You shoot a sling bullet. The sling bullet hits the storm dragon!
The storm dragon is moderately wounded.
The storm dragon is distracted by your dazzling golden aura.
You shoot a sling bullet.
The sling bullet hits the storm dragon but does no damage.
The storm dragon is no longer distracted by gold.
The storm dragon is moderately wounded.
The skeletal warrior throws a poisoned dart.
You reflect the poisoned dart off an invisible shield around you!
The poisoned dart closely misses the skeletal warrior.
Really attack while wielding the +11 hunting sling of Wounding {venom, rN+ MP+9 Str+5 Stlth+}? [Y]es or [N]o only, please.
Really attack while wielding the +11 hunting sling of Wounding {venom, rN+ MP+9 Str+5 Stlth+}?
Okay, then.
The storm dragon breathes lightning at you.
The bolt of lightning hits you!!!
Ouch! That really hurt!
The skeletal warrior hits you with a +0 scimitar!!
You die...
Your body crumbles into a pile of gold.

...##........# #.#..#
)..##........###.#.##
...>'............#.#
....#........##..#(#
....#........##....#
....#........##..#.##
....#........##..#..##
....#........##..#...####..# ..
#...#........##.@##........# .
#...#........##.z#####.#########.
###'##.#####.##..# #.....##....#
..........##.##..# ##...#..#.##..
..........##.##..###...###.#.##..
..........'..##..#......#..#...##
..........#####...........).#..#(
..........# #.D#..#......#...##
..........# #..#.###...###.##..


You could see a storm dragon (very poisoned, catching breath) and a skeletal
warrior.

Vanquished Creatures
  Kirke (D:12)
  Snorg (Lair:5)
  An ice dragon (D:12)
  A boulder beetle (D:12)
  A catoblepas (Lair:6)
  Erica (D:8)
  A centaur warrior (D:12)
  A two-headed ogre (D:12)
  7 hydras
  6 death yaks (Lair:6)
  Urug (Lair:3)
  A deep troll shaman (Lair:6)
  5 skeletal warriors
  A deep troll (shapeshifter) (D:12)
  2 deep elf pyromancers (D:12)
  5 ugly things
  2 manticores (D:12)
  3 cyclopes (D:12)
  4 merfolk sirens (Lair:3)
  A guardian serpent (shapeshifter) (D:12)
  14 elephants
  2 black mambas
  6 cane toads
  A kobold demonologist (D:11)
  A rime drake (Lair:6)
  A yaktaur (D:12)
  6 komodo dragons
  3 trolls
  5 polar bears
  2 hornets
  15 blink frogs (Lair:6)
  5 dream sheep (Lair:5)
  13 slime creatures
  Sigmund (D:6)
  3 shadows
  6 wyverns
  A wraith (D:11)
  Eustachio (D:6)
  5 hogs (D:12)
  59 yaks
  4 basilisks
  A steam dragon (D:8)
  9 vampire mosquitoes
  2 acid dragons
  12 water moccasins
  6 orc warriors
  5 black bears
  Duvessa (D:7)
  2 ice beasts
  A sky beast (D:8)
  10 wolves
  2 ogres
  7 centaurs
  2 phantoms (D:11)
  3 kobold brigands
  15 bullfrogs
  3 necrophages
  2 gnoll sergeants
  A scorpion (D:4)
  A water moccasin zombie (D:6)
  5 wights (D:8)
  Dowan (D:7)
  4 troll zombies (D:11)
  2 howler monkeys
  A centaur zombie (D:6)
  3 jellies
  10 orc priests
  4 hounds
  2 gnoll shamans (D:6)
  17 hell rats
  2 iguanas (D:7)
  16 orc wizards
  2 ogre zombies (D:11)
  Robin (D:2)
  12 gnolls
  8 adders
  A white imp (D:3)
  2 worms
  6 dart slugs
  47 orcs
  3 ball pythons
  8 endoplasms
  5 giant cockroaches
  13 goblins
  9 hobgoblins
  4 jackals
  19 kobolds
  2 quokkas
  5 bats
  2 frilled lizards
  A goblin skeleton (D:11)
  A goblin zombie (D:11)
  A hobgoblin skeleton (D:11)
  3 orc skeletons (D:11)
  12 orc zombies (D:11)
  2 rats (D:3)
521 creatures vanquished.

Vanquished Creatures (others)
  2 humans (D:12)
  32 fungi
  97 plants
  6 withered plants (Lair:5)
137 creatures vanquished.

Grand Total: 658 creatures vanquished

Notes
Turn   | Place    | Note
-------+----------+-------------------------------------------
     0 | D:1      | Kenran the Spriggan Transmuter began the quest for the Orb.
     0 | D:1      | Reached XP level 1. HP: 9/9 MP: 5/5
   111 | D:1      | Reached skill level 1 in Fighting
   111 | D:1      | Reached skill level 1 in Stealth
   251 | D:1      | Reached skill level 2 in Stealth
   406 | D:1      | Reached XP level 2. HP: 6/14 MP: 6/6
   871 | D:1      | Found Inoqurch's General Store.
  1659 | D:1      | Reached XP level 3. HP: 14/18 MP: 8/8
  1763 | D:1      | Found a faded altar of an unknown god.
  1995 | D:2      | Noticed Robin
  2739 | D:2      | You fall into a shaft and drop 1 floor!
  3081 | D:3      | Reached XP level 4. HP: 15/22 MP: 9/9
  3597 | D:2      | Killed Robin
  4029 | D:2      | Reached XP level 5. HP: 12/26 MP: 10/10
  4887 | D:4      | Learned a level 3 spell: Spider Form
  5175 | D:4      | Found a staircase to the Ecumenical Temple.
  5588 | Temple   | Entered the Ecumenical Temple
  5840 | Temple   | Became a worshipper of Gozag Ym Sagoz the Greedy
  6058 | D:4      | Reached XP level 6. HP: 29/30 MP: 2/11
  6293 | D:4      | Found a shadowy altar of Dithmenos.
  6752 | D:4      | Reached skill level 5 in Unarmed Combat
  7154 | D:4      | Found an ancient bone altar of Kikubaaqudgha.
  7611 | D:4      | Reached XP level 7. HP: 16/35 MP: 9/12
  7903 | D:5      | Entered Level 5 of the Dungeon
  7970 | D:5      | Reached skill level 3 in Stealth
  8364 | D:5      | Identified the +11 hunting sling of Wounding {venom, rN+
                  | MP+9 Str+5 Stlth+}
  8622 | D:5      | Noticed a +0 falchion
  8622 | D:5      | Noticed a +0 spear
  8622 | D:5      | Noticed a +0 short sword
  8623 | D:5      | Noticed a +0 falchion
  8623 | D:5      | Noticed a +0 dagger
  8623 | D:5      | Noticed a +0 dagger
  8624 | D:5      | Noticed a +0 spear
  8625 | D:5      | Noticed a +0 short sword
  8642 | D:5      | Found a hide-covered altar of Uskayaw.
  8706 | D:5      | Reached skill level 1 in Slings
  8747 | D:5      | Found Sounalun's Antique Armour Boutique.
  8982 | D:6      | Reached skill level 4 in Stealth
  8982 | D:6      | Reached skill level 5 in Transmutations
  8982 | D:6      | Reached XP level 8. HP: 32/39 MP: 13/13
  9172 | D:6      | Reached skill level 5 in Stealth
  9212 | D:6      | Noticed Eustachio
  9242 | D:6      | Reached skill level 5 in Dodging
  9281 | D:6      | Killed Eustachio
  9282 | D:6      | Reached skill level 5 in Slings
  9444 | D:6      | Found a basalt altar of Yredelemnul.
  9595 | D:6      | Found a shimmering altar of Xom.
  9697 | D:6      | Noticed Sigmund
  9704 | D:6      | Killed Sigmund
  9799 | D:7      | Reached XP level 9. HP: 44/44 MP: 14/14
 10222 | D:7      | Noticed Duvessa
 10222 | D:7      | Noticed Dowan
 10225 | D:7      | Killed Duvessa
 10226 | D:7      | Reached skill level 6 in Stealth
 10236 | D:7      | Killed Dowan
 10722 | D:8      | Noticed an elephant
 10741 | D:8      | Killed an elephant
 10784 | D:8      | Noticed an elephant
 10789 | D:8      | Reached skill level 7 in Stealth
 10810 | D:8      | Killed an elephant
 10889 | D:8      | Noticed an elephant
 10911 | D:8      | Killed an elephant
 11124 | D:8      | Noticed an elephant
 11131 | D:8      | Killed an elephant
 11132 | D:8      | Reached XP level 10. HP: 49/49 MP: 15/15
 11177 | D:8      | Noticed a red ugly thing
 11195 | D:8      | Killed a red ugly thing
 11929 | D:8      | Reached skill level 10 in Slings
 12226 | D:8      | Noticed Erica
 12240 | D:8      | Killed Erica
 12337 | D:8      | Found a shimmering blue altar of Sif Muna.
 12693 | D:9      | Identified the +9 great sword "Dragonbane" {vorpal, Dex+4}
 12879 | D:9      | Found a stormy altar of Qazlal.
 13107 | D:9      | Noticed a red ugly thing
 13118 | D:9      | Killed a red ugly thing
 13119 | D:9      | Reached skill level 10 in Unarmed Combat
 13569 | D:10     | Entered Level 10 of the Dungeon
 13590 | D:10     | Found a sacrificial altar of Ru.
 13699 | D:10     | Found a sparkling altar of Nemelex Xobeh.
 13836 | D:10     | Reached XP level 11. HP: 54/54 MP: 16/16
 14018 | D:10     | Reached skill level 1 in Shields
 14845 | D:10     | Bought an opalescent robe for 188 gold pieces
 14845 | D:10     | Identified the +1 robe of Mutualism {SInv} (You bought it
                  | in a shop on level 10 of the Dungeon)
 14845 | D:10     | Bought a wizard robe for 188 gold pieces
 14845 | D:10     | Identified the +4 robe "Waqair" {rPois Str+2 Int-2 Dex+4}
                  | (You bought it in a shop on level 10 of the Dungeon)
 14878 | D:10     | Reached skill level 5 in Fighting
 15573 | D:11     | Found a staircase to the Orcish Mines.
 16054 | D:11     | Found a staircase to the Lair.
 16341 | Lair:1   | Entered Level 1 of the Lair of Beasts
 17028 | Lair:1   | Noticed a four-headed hydra
 17038 | Lair:1   | Killed a four-headed hydra
 17149 | Lair:2   | Noticed a seven-headed hydra
 17182 | Lair:1   | Reached XP level 12. HP: 61/61 MP: 17/17
 17226 | Lair:2   | Killed a seven-headed hydra
 17287 | Lair:2   | Reached skill level 8 in Stealth
 17472 | Lair:2   | Found a hole to the Spider Nest.
 17806 | Lair:2   | Reached skill level 9 in Stealth
 18095 | Lair:2   | Reached skill level 10 in Dodging
 18392 | Lair:3   | Noticed a four-headed hydra
 18409 | Lair:3   | Killed a four-headed hydra
 18467 | Lair:3   | Identified the ring "Itim" {Contam rPois rN+ Str+8 Dex+6}
 18704 | Lair:3   | Reached skill level 10 in Stealth
 18720 | Lair:3   | Found a staircase to the Shoals.
 18841 | Lair:3   | Noticed Urug
 18867 | Lair:3   | Killed Urug
 18868 | Lair:3   | Reached XP level 13. HP: 42/67 MP: 18/18
 19291 | Lair:3   | Learned a level 4 spell: Ice Form
 20694 | Lair:5   | Noticed Snorg
 20714 | Lair:5   | Killed Snorg
 21008 | Lair:5   | Found a runed translucent gate.
 21008 | Lair:5   | Found a runed translucent gate.
 21008 | Lair:5   | Found a runed translucent gate.
 21016 | Lair:5   | Noticed Gacs's ghost (journeyman FoFi)
 21016 | Lair:5   | Noticed Vuiwum's ghost (journeyman TeSu)
 21381 | Lair:5   | Found a viscous altar of Jiyva.
 21381 | Lair:5   | Found a staircase to the Slime Pits.
 21765 | Lair:6   | Entered Level 6 of the Lair of Beasts
 22664 | Lair:6   | Reached skill level 11 in Stealth
 23512 | Lair:6   | Reached skill level 5 in Shields
 23605 | Lair:6   | Identified the ring of the Open Hand {*Slow rF+ EV+4 Str+4
                  | Int+4}
 23611 | Lair:6   | Identified the +3 leather armour "Honk" {Slay+3}
 23619 | Lair:6   | Identified a scroll of acquirement
 23620 | Lair:6   | Acquired a +1 cloak of poison resistance
 23697 | Lair:6   | Reached XP level 14. HP: 56/73 MP: 19/19
 24182 | D:12     | Reached skill level 12 in Stealth
 24203 | D:12     | Noticed Kirke
 24206 | D:12     | Noticed a sphinx
 24441 | D:12     | Killed Kirke
 24570 | D:12     | Noticed a storm dragon
 25451 | D:12     | Reached skill level 5 in Spellcasting
 25474 | D:12     | Reached skill level 13 in Stealth
 26031 | D:12     | Reached skill level 14 in Stealth
 26914 | D:12     | Found a bloodstained altar of Trog.
 26941 | D:12     | Reached skill level 15 in Stealth
 27500 | D:12     | Mangled by a skeletal warrior

Illustrated notes

Levels and vault maps discovered:
D:1:      nicolae_arrival_memento_mori, layout_loops_corners,
          chequers_ecumenical_altar_twisty, serial_shops,
          nicolae_shop_hallway_stairs
D:2:      layout_basic, uniq_robin
D:3:      minmay_recursive_quarters, layout_rooms,
          hangedman_decor_clover_reticule, dk_noncrumbling_3
D:4:      kennysheep_six_static_rooms, layout_loops_ring,
          nicolae_dithmenos_shadow_blocks, mainiacjoe_overflow_chevrons,
          minmay_temple_entry_gardened_gates
D:5:      layout_basic, nicolae_uskayaw_en_pointe, serial_shops, shop
D:6:      layout_rooms, mainiacjoe_overflow_alcove_2,
          lemuel_zombie_altar_yredelemnul, uniq_sigmund, uniq_eustachio
D:7:      layout_loops_corners, uniq_duvessa
D:8:      wad_woods_tower, layout_cave_pools, nicolae_sif_muna_little_library,
          chequers_serial_rivers_room_b, kennysheep_small_spiral, uniq_erica
D:9:      layout_stronghold, mainiacjoe_overflow_paths
D:10:     layout_loops_ring, nemelex_xobeh_ov_fountains_minmay,
          marbit_many_paths, dk_rats_in_the_wall
D:11:     layout_stronghold, grunt_lair_entry_orc_guard_hut, zombieorc1_lemuel,
          kennysheep_generic_room_7
D:12:     minmay_the_grid_4x2 [minmay_the_grid_dragon_a,
          minmay_the_grid_outer_circle, minmay_the_grid_eight,
          minmay_the_grid_plusring, minmay_the_grid_square_x,
          minmay_the_grid_zigzag_pyramid, minmay_the_grid_aliased_spiral,
          minmay_the_grid_prize_four_corners], layout_basic, bloody_trog,
          uniq_kirke
Temple:   oiseaux_autumnal_temple
Lair:1:   layout_regular_city, infiniplex_staircase_pool, grunt_megastairs_4
Lair:2:   layout_concentric_octagons, spider_nest_entry_webs,
          cheibrodos_lair_lostbears
Lair:3:   layout_gridlike, elwin_shoals_entry_rooms, uniq_urug
Lair:4:   layout_cave_pods
Lair:5:   layout_loops_ring, dpeg_slime_entry_enclosed_altar,
          gammafunk_ghost_cemetery, uniq_snorg
Lair:6:   grunt_lair_end_beastmaster, layout_small_grid, serial_bayou_shore_a,
          infiniplex_staircase_pool_2, lemuel_fruit_fields, lemuel_fruit_tree

Skill      XL: |  1  2  3  4  5  6  7  8  9 10 11 12 13 14 |
---------------+-------------------------------------------+-----
Fighting       | 1 2 3 4 6 7 8 |  8.3
Stealth        | 2 4 5 7 10 11 15 | 15.0
Unarmed Combat | 3 4 5 6 8 10 11 13 | 13.0
Dodging        | 3 4 5 9 10 | 10.4
Transmutations | 3 4 5 7 |  7.6
Spellcasting   | 3 5 |  5.0
Slings         | 1 7 9 10 12 13 14 | 14.0
Shields        | 2 3 5 |  5.0

Action                   |  1- 3 |  4- 6 |  7- 9 | 10-12 | 13-15 || total
-------------------------+-------+-------+-------+-------+-------++-------
Melee: Unarmed           |   227 |   203 |    29 |       |     4 ||   463
       Punch             |     5 |     5 |     1 |       |       ||    11
       Kick              |    13 |    34 |       |       |       ||    47
       Headbutt          |     6 |    22 |       |       |       ||    28
 Fire: Hunting sling     |       |       |   261 |   781 |   859 ||  1901
 Cast: Beastly Appendage |    10 |    28 |       |       |       ||    38
       Spider Form       |       |     4 |     2 |       |       ||     6
Invok: Call Merchant     |       |       |       |     1 |       ||     1
  Use: Potion            |       |     3 |       |     3 |     1 ||     7
       Scroll            |       |     4 |     4 |     6 |    10 ||    24
 Stab: Sleeping          |     2 |     5 |       |       |       ||     7
Armor: Robe              |    21 |    15 |    12 |    12 |    13 ||    73
       Skin              |       |     7 |     2 |     6 |       ||    15
Dodge: Dodged            |   204 |   152 |   119 |   243 |   179 ||   897
Block: Buckler           |       |       |       |    81 |   126 ||   207
       Reflection        |       |       |       |       |     6 ||     6

Table legend: (Time is in decaauts)
 A = Elapsed time spent in this place.
 B = Non-inter-level travel time spent in this place.
 C = Inter-level travel time spent in this place.
 D = Time resting spent in this place.
 E = Time spent auto-exploring this place.
 F = Levels seen in this place.
 G = Mean time per level.
                   A        B        C        D        E       F      G
               +--------+--------+--------+--------+--------+-----+--------+
         Total |  21711 |  21013 |    698 |   6521 |   9755 |  19 | 1142.7 |
       Dungeon |  15812 |  15354 |    458 |   5850 |   6143 |  12 | 1317.7 |
        Temple |    174 |    150 |     24 |      0 |    140 |   1 |  174.0 |
          Lair |   5724 |   5509 |    215 |    670 |   3472 |   6 |  954.0 |
               +--------+--------+--------+--------+--------+-----+--------+

Top non-repeatable levels by time:
    D:11: 2465 daAuts
     D:1: 1951 daAuts
    D:12: 1862 daAuts
     D:4: 1783 daAuts
     D:3: 1588 daAuts
  Lair:6: 1578 daAuts
     D:7: 1090 daAuts
     D:8: 1064 daAuts
  Lair:3: 1003 daAuts
     D:2: 949 daAuts
  Lair:5: 945 daAuts
  Lair:4: 907 daAuts
     D:9: 811 daAuts
    D:10: 770 daAuts
     D:5: 761 daAuts
